 Dungeon Crawl Stone Soup version 0.22-a0-322-g60b3cfd (webtiles) character file.

239 xccam the Chopper (level 6, -7/47 HPs)
             Began as a Formicid Fighter on Apr 2, 2018.
             Blown up by Ijyb (21 damage)
             ... with a wand of disintegration (12)
             ... on level 3 of the Dungeon.
             The game lasted 00:02:40 (2187 turns).

xccam the Chopper (Formicid Fighter)                Turns: 2187, Time: 00:02:41

Health: -7/47      AC:  6    Str: 28    XL:     6   Next: 29%
Magic:  6/6        EV:  8    Int:  7    God:
Gold:   184        SH: 10    Dex: 10    Spells: 5/5 levels left

rFire    . . .     SeeInvis +   a - +0 war axe
rCold    + . .     Gourm    .   c - +0 shield
rNeg     . . .     Faith    .   b - +0 scale mail
rPois    .         Spirit   .   (helmet unavailable)
rElec    .         Reflect  .   (no cloak)
rCorr    +         Harm     .   (no gloves)
MR       .....                  (no boots)
Stlth    ..........             g - amulet of the acrobat
HPRegen  0.15/turn              j - ring of resist corrosion
MPRegen  0.10/turn              m - ring of protection from cold

@: mighty
A: permanent stasis, dig shafts and tunnels, four strong arms, antennae 3
a: Dig, Shaft Self


You were on level 3 of the Dungeon.
You were not hungry.

You visited 1 branch of the dungeon, and saw 3 of its levels.

You collected 184 gold pieces.

Inventory:

Hand Weapons
 a - a +0 war axe (weapon)
Armour
 b - a +0 scale mail (worn)
 c - a +0 shield (worn)
Jewellery
 g - an amulet of the acrobat (around neck)
 j - a ring of resist corrosion (left hand)
 m - a ring of protection from cold (right hand)
Scrolls
 e - 2 scrolls of teleportation {unknown}
 h - 2 scrolls of noise {unknown}
 i - a scroll of identify {unknown}
 l - 2 scrolls of enchant armour {unknown}
Potions
 k - a potion of mutation {unknown}
 n - a potion of agility {unknown}
 o - a potion of brilliance {unknown}
 p - a potion of magic {unknown}
 r - a potion of berserk rage {unknown}
Comestibles
 f - 13 rations
 q - 2 chunks of flesh


   Skills:
 - Level 3.2 Fighting
 + Level 6.2 Axes
 - Level 3.2 Armour
 - Level 3.6 Shields


You had 5 spell levels left.
You didn't know any spells.

Dungeon Overview and Level Annotations

Branches:
Dungeon (3/15)

Altars:
Uskayaw

Annotations:
D:3 Ijyb


Innate Abilities, Weirdness & Mutations

You cannot be hasted, slowed, berserked, paralysed or teleported.
You can dig through walls and to a lower floor.
Your four strong arms can wield two-handed weapons with a shield.
You have a pair of large antennae on your head. (SInv)


Message History

Ijyb is lightly wounded.
You block Ijyb's attack.
You hit Ijyb but do no damage.
Ijyb is lightly wounded.
Ijyb zaps a wand.
You struggle to resist.
It is a wand of disintegration (14).
Ijyb zaps a wand.
You are blasted!
You hit Ijyb but do no damage.
Ijyb is lightly wounded.
Ijyb zaps a wand.
You are blasted!
* * * LOW HITPOINT WARNING * * *
You are too injured to fight recklessly!
You are too injured to fight recklessly!
You are too injured to fight recklessly!
You are too injured to fight recklessly!
You feel very mighty all of a sudden. You block Ijyb's attack.
You closely miss Ijyb.
Ijyb is lightly wounded.
Ijyb zaps a wand.
You are blasted!
You die...

#.#
#.............#...[...
#.#
#####.#..........)...(
#.# #.#.........######
... #.#..#.#.##.#
#.#..#.#.##.######
#.#..#.# ##......#
#.#..#.# #.####.#
#.#..# #[# #.# #@# #.#
#.# #.g...# ..# #.#
###.#..># ### #.# .#
## ######.# # #......#
#......# #.###.##
#.##.... #.#
###.##..##


You could see Ijyb.

Vanquished Creatures
  A hound (D:2)
  A bullfrog skeleton (D:3)
  An orc wizard (D:3)
  6 adders
  3 gnolls
  An ooze (D:2)
  A worm (D:3)
  2 dart slugs
  2 leopard geckos (D:3)
  2 orcs (D:3)
  3 bats
  3 giant cockroaches
  5 goblins
  11 hobgoblins
  3 jackals (D:1)
  9 kobolds
  A quokka (D:2)
  3 frilled lizards (D:3)
  8 rats
66 creatures vanquished.

Notes
Turn   | Place    | Note
-------+----------+-------------------------------------------
     0 | D:1      | xccam the Formicid Fighter began the quest for the Orb.
     0 | D:1      | Reached XP level 1. HP: 18/18 MP: 1/1
    90 | D:1      | Reached XP level 2. HP: 23/24 MP: 2/2
   156 | D:1      | Reached skill level 3 in Axes
   311 | D:1      | Reached XP level 3. HP: 29/29 MP: 3/3
   577 | D:2      | Reached skill level 4 in Axes
   577 | D:2      | Reached XP level 4. HP: 32/35 MP: 4/4
   627 | D:2      | Found a faded altar of an unknown god.
   787 | D:2      | Reached XP level 5. HP: 15/41 MP: 5/5
   806 | D:2      | HP: 2/41 [poisoned by an adder]
   814 | D:2      | HP: 1/41 [poisoned by an adder]
  1378 | D:3      | Reached skill level 5 in Axes
  1908 | D:3      | Reached XP level 6. HP: 37/47 MP: 6/6
  1953 | D:3      | Found a hide-covered altar of Uskayaw.
  1999 | D:3      | Reached skill level 6 in Axes
  2181 | D:3      | Noticed Ijyb
  2187 | D:3      | Blown up by Ijyb

Vault maps used:
D:1:      saegor_arrival_miasma
D:2:      chequers_ecumenical_altar_simple_redux, guppyfry_early_lair_pool
D:3:      eat_drink_and_be_merry_uskayaw, uniq_ijyb

Skill      XL: |  1  2  3  4  5  6 |
---------------+-------------------+-----
Axes           | 3 4 5 6 |  6.2
Fighting       | |  3.2
Armour         | |  3.2
Shields        | |  3.6

Action                   |  1- 3 |  4- 6 || total
-------------------------+-------+-------++-------
Melee: War axe           |    57 |   163 ||   220
  Use: Potion            |       |     1 ||     1
  Eat: Chunk             |       |     5 ||     5
Armor: Scale mail        |    24 |    43 ||    67
Dodge: Dodged            |    13 |    57 ||    70
Block: Shield            |    38 |    86 ||   124

Table legend:
 A = Spawn XP
 B = Non-spawn XP
 C = Spawn XP percentage of total XP
 D = Spawn monster count
 E = Non-spawn monster count
 F = Spawn count percentage of total count
 G = Total turns spent on level
                    A         B        C        D         E        F      G
               +---------+---------+-------+---------+---------+-------+---------
         Total |       0 |     342 |   0.0 |       0 |      66 |   0.0 |  2187
               +---------+---------+-------+---------+---------+-------+---------
           D:1 |       0 |      40 |   0.0 |       0 |      22 |   0.0 |   529
           D:2 |       0 |     135 |   0.0 |       0 |      24 |   0.0 |  1033
           D:3 |       0 |     167 |   0.0 |       0 |      20 |   0.0 |   625
               +---------+---------+-------+---------+---------+-------+---------
